AoeStats
← Atila

Arabia

503306281Analyzed
1v1 RM · 1mo ago on Aug 31, 2026· 33m 41s· 2 players
Game mode
Random Map
Map size
Tiny (2 player)
Population
200
Speed
Normal
Resources
Standard
Victory
Conquest
Starting age
Dark Age
Ending age
Imperial Age
RankedLock teamsTeams togetherTeam positionsShared explorationLock speedFull tech treeHidden civsTurbo modeCheats
Victory
Defeat
🇦🇷 Turks · Argentina
1328
+16
🇲🇽 Maya · Mexico
1319
-16
Atila
0:25 Loom
8:56 Feudal Age
9:57 Double-Bit Axe
13:08 Fletching
17:01 Padded Archer Armor
17:21 Horse Collar
19:56 Scale Mail Armor
20:54 Wheelbarrow
25:53 Castle Age
25:22 Forging
26:38 Bodkin Arrow
26:04 Crossbowman
26:51 Thumb Ring
27:57 Chain Mail Armor
28:18 Iron Casting
28:06 Pikeman
[UMMO] Perlense
7:50 Loom
10:19 Feudal Age
11:00 Double-Bit Axe
10:56 Horse Collar
17:09 Scale Barding Armor
18:03 Wheelbarrow
18:01 Forging
23:42 Castle Age
22:22 Bloodlines
24:47 Chain Barding Armor
24:29 Husbandry
24:39 Heavy Plow
25:42 Iron Casting
31:12 Hand Cart
32:56 Bow Saw
36:01 Imperial Age
Connection lost

Rejoining the realm…

Still unreachable

The connection could not be restored.

Session expired

The server has moved on; the page needs a fresh start.